[Event "15th Chennai GM Open 2025"]
[Site "Chennai"]
[Date "2025.01.05"]
[Round "5.14"]
[White "Nitin, S.."]
[Black "Sarveshwaran V"]
[Result "0-1"]
[ECO "C18"]
[WhiteElo "2338"]
[BlackElo "2150"]
[Annotator "TA"]
[PlyCount "88"]
[EventDate "2025.01.02"]
[EventType "swiss"]
[EventCountry "IND"]
[SourceTitle "playchess.com"]
[Source "ChessBase"]
[SourceQuality "1"]
[TimeControl "5400+30"]

1. e4 e6 2. d4 d5 3. Nc3 Bb4 4. e5 c5 5. a3 Bxc3+ 6. bxc3 Ne7 7. h4 Qc7 8. h5 h6 9. Bd2 Nbc6 10. Qg4 Rg8 (10... Nf5 $15) 11. Nf3 $11 (11. dxc5 Nxe5 (11... Qxe5+ 12. Ne2 $15) 12. Qg3 f6 $11) 11... c4 12. Qf4 Bd7 13. g4 O-O-O 14. Bh3 (14. Qxf7 $2 Rdf8 $19) 14... Rdf8 15. Ke2 Qa5 16. a4 f6 17. exf6 Rxf6 18. Qg3 $1 Rgf8 19. Bg2 R6f7 20. Rhb1 a6 {[%emt 0:03:36][%cal Oe6e5] Against Rb5} 21. Rf1 (21. Rb2 $11 {remains equal.}) 21... g5 $17 22. Ra2 Qc7 23. Qxc7+ Kxc7 24. Be3 {[%emt 0:04:07] [#]} (24. Nh2 $15) 24... e5 $1 25. Nxe5 Nxe5 26. dxe5 Bxg4+ 27. Kd2 {[%emt 0:00:03] [#]} Nc6 (27... Bxh5 $6 28. Rb2 $11) (27... Nf5 $1 $17 {[%cal Rf5e3] and ...Nxe3 would now be decisive} 28. Bc5 (28. Bxd5 $2 Rd8 $19) 28... Re8) 28. Bc5 (28. Bxd5 $2 Rd7 (28... Rd8 $2 29. Kc1 $19) 29. Kc1 Rxd5 $19) 28... Rd8 (28... Nxe5 $5 29. Rb2 Bf3 $15) 29. Bd6+ {[%emt 0:01:40] A strong pair of Bishops.} Kc8 30. Ke3 {[%emt 0:03:47] Against Bf3} (30. Bxd5 $2 Nxe5 31. Bxe5 Rxd5+ 32. Bd4 Bh3 $19 (32... Bxh5 $2 33. Rb2 $19)) (30. f3 $11 Be6 31. Rb2) 30... Re8 {[%emt 0:04:39] Black has more active pieces.} 31. Bxd5 $2 (31. f3 $17 Bxh5 32. Rh1 (32. Bh3+ $2 Kd8 $19) 32... Nxe5 33. Bxe5 (33. Rxh5 $2 {loses.} Nxf3+ 34. Kf2 Nh4+ 35. Kg1 Re1+ 36. Kh2 Re2 $19) 33... Rxe5+ 34. Kd4) 31... Nxe5 $1 $19 32. Bxe5 Rf4 ({Weaker is} 32... Rxe5+ 33. Kd4 Rfe7 34. f3 $19) 33. Bg2 Rxe5+ 34. Kd2 Re2+ 35. Kc1 Rfxf2 36. Rxf2 Rxf2 {[%emt 0:00:02][%mdl 4096] Endgame KRB-KRB. Black is a pawn up.} 37. Bd5 Rf1+ 38. Kb2 Bxh5 39. Bxc4 Rf4 40. Bd3 Bf3 41. Ra1 g4 42. Re1 g3 43. Re8+ Kc7 44. Re7+ Kb8 0-1

[Event "15th Chennai GM Open 2025"]
[Site "Chennai"]
[Date "2025.01.05"]
[Round "5.15"]
[White "Mayukh Majumder"]
[Black "Mohamed Anees M"]
[Result "1/2-1/2"]
[ECO "B31"]
[WhiteElo "2013"]
[BlackElo "2334"]
[Annotator "TA"]
[PlyCount "91"]
[EventDate "2025.01.02"]
[EventType "swiss"]
[EventCountry "IND"]
[SourceTitle "playchess.com"]
[Source "ChessBase"]
[SourceQuality "1"]
[TimeControl "5400+30"]

1. e4 c5 2. Nf3 Nc6 3. Bb5 g6 4. O-O Bg7 5. c3 e5 6. Na3 Nge7 7. d4 cxd4 8. cxd4 exd4 9. Bf4 a6 10. Bc4 {[%emt 0:09:49] [#]} (10. Bd6 $11 {keeps the balance.}) 10... d6 ({Better is} 10... d5 $1 $17 11. exd5 Nxd5) 11. Nc2 O-O {[%emt 0:05:31] Black is slightly better.} 12. Ncxd4 Nxd4 13. Nxd4 d5 14. exd5 Nxd5 15. Be3 Kh8 16. Nc2 Nxe3 17. Qxd8 Rxd8 18. Nxe3 b5 19. Bxf7 Bxb2 {[%emt 0:00:29] This pair of bishops is nice.} 20. Rad1 Bb7 21. Bd5 Bxd5 22. Nxd5 Rac8 23. g3 a5 24. Kg2 b4 25. Rfe1 Rd6 26. Re2 Bg7 27. Rde1 Rf8 (27... h6 $17 28. Ne3 h5) 28. Nf4 Bc3 29. Rc1 (29. Re6 $1 $11 {remains equal.}) 29... a4 $17 30. a3 Rd2 {[%emt 0:02:10] aiming for ...Rxe2.} 31. Re4 {[%emt 0:08:56] [#]} (31. axb4 $17 {is a better defense.} Rxe2 (31... Bxb4 32. Re4 $11) 32. Nxe2 Bxb4 33. Rc2) 31... Bb2 $2 (31... g5 $1 $19 32. Nh3 (32. axb4 $2 {loses.} Bb2 $19) 32... Bd4 (32... Bb2 33. Rc7 $17)) 32. Rc7 bxa3 (32... b3 $15 33. Rxa4 Be5) 33. Rxa4 $11 Be5 34. Rca7 Bd4 {[%emt 0:00:09] [#]} (34... g5 $15 35. R7a5 gxf4 (35... Bxf4 36. gxf4 a2 37. Rxg5 $11) 36. Rxe5 fxg3 37. hxg3 Rfxf2+ 38. Kh3 Kg7) 35. Rxd4 $1 $14 Rxd4 {[%emt 0:01:07][%mdl 4096] Endgame. KRR-KRN} 36. Ne6 $1 Rdd8 37. Nxf8 Rxf8 38. Rxa3 {[%emt 0:00:06] KR-KR. White is more active.} Rf7 39. f4 Kg7 40. Ra5 h5 41. Kh3 Rb7 42. f5 gxf5 43. Rxf5 Kg6 {[%emt 0:00:02] The position is equal.} 44. Rf2 Kg5 45. Rc2 Rb5 46. Kg2 {[%emt 0:00:10] Weighted Error Value: White=0.26 (precise) /Black=0.25 (precise) .  Loses game:     	White=1     	---        Missed win:     	---       	Black=1      Mistake:       	White=3     	Black=4      Inaccurate:     	White=7     	Black=4      OK:         	White=9     	Black=15     Best:        	White=3     	Black=2      Strong:       	White=1     	---        Brilliant:      	White=1     	---} 1/2-1/2

[Event "15th Chennai GM Open 2025"]
[Site "Chennai"]
[Date "2025.01.05"]
[Round "6.1"]
[White "Sammed Jaykumar, Shete"]
[Black "Siddharth, Jagadeesh"]
[Result "1/2-1/2"]
[ECO "A47"]
[WhiteElo "2379"]
[BlackElo "2515"]
[Annotator "TA"]
[PlyCount "61"]
[EventDate "2025.01.02"]
[EventType "swiss"]
[EventCountry "IND"]
[SourceTitle "playchess.com"]
[Source "ChessBase"]
[SourceQuality "1"]
[TimeControl "5400+30"]

1. d4 Nf6 2. Nf3 b6 3. Bg5 Bb7 4. Nbd2 d6 5. Bxf6 exf6 6. g3 g6 7. Bg2 Bg7 8. O-O O-O 9. e4 c5 10. c3 Nc6 11. Nc4 cxd4 12. Nxd4 Nxd4 13. Qxd4 f5 14. Qd1 Qc7 15. Nd2 fxe4 16. Nxe4 d5 17. Ng5 d4 18. Bxb7 Qxb7 19. cxd4 Rad8 20. Nf3 Qd5 21. Qb3 Bxd4 22. Nxd4 Qxd4 23. Rad1 Qf6 24. Rfe1 Rxd1 25. Rxd1 Rd8 26. Rxd8+ Qxd8 $11 {[%emt 0:00:03] KQ-KQ} 27. Kg2 Qd4 28. h4 Qe4+ 29. Kg1 Qe1+ 30. Kg2 Qe4+ 31. Kg1 1/2-1/2

[Event "15th Chennai GM Open 2025"]
[Site "Chennai"]
[Date "2025.01.05"]
[Round "6.2"]
[White "Iniyan, Pa"]
[Black "Vaz, Ethan"]
[Result "1/2-1/2"]
[ECO "E97"]
[WhiteElo "2508"]
[BlackElo "2412"]
[Annotator "TA"]
[PlyCount "96"]
[EventDate "2025.01.02"]
[EventType "swiss"]
[EventCountry "IND"]
[SourceTitle "playchess.com"]
[Source "ChessBase"]
[SourceQuality "1"]
[TimeControl "5400+30"]

1. d4 Nf6 2. c4 g6 3. Nc3 Bg7 4. e4 d6 5. Nf3 O-O 6. Be2 e5 7. O-O Nc6 8. d5 Ne7 9. b4 a5 10. bxa5 Rxa5 11. a4 Ne8 12. Bd2 Ra8 13. a5 h6 14. Ne1 f5 15. f3 Nf6 16. Be3 c5 17. dxc6 $1 Nxc6 18. Bb6 Qe7 19. Nc2 fxe4 20. fxe4 Be6 21. Nd5 Bxd5 22. exd5 Nd4 23. Nxd4 exd4 24. Bxd4 Ne4 25. Qd3 Bxd4+ 26. Qxd4 Nc5 27. Bg4 Rxf1+ 28. Rxf1 Rf8 29. Be6+ Nxe6 30. dxe6 Qxe6 31. Rxf8+ Kxf8 $11 {[%emt 0:00:01][%mdl 4096] Endgame KQ-KQ} 32. Kf2 {[%emt 0:00:19] Repels Qe1+} Qf5+ 33. Ke3 Qxa5 34. Qf6+ Ke8 35. Qe6+ Kf8 {[%emt 0:00:57] ( -> ...Qe1+)} 36. Qxd6+ Kf7 37. Qf4+ Ke6 38. Qxh6 Qc3+ 39. Kf2 {[%emt 0:00:08] And now Qe3+ would win.} Qc2+ 40. Kf3 Qd1+ 41. Kg3 Qd3+ 42. Kh4 Qxc4+ 43. g4 ({Don't blunder} 43. Kg5 $2 Qc1+ 44. Kxg6 Qxh6+ 45. Kxh6 b5 $19) 43... Qe4 44. Qf8 Qe5 {[%emt 0:00:52] and ...Qf6+ would now be decisive} 45. Qe8+ Kf6 46. Qh8+ Ke6 47. Qe8+ Kf6 48. Qh8+ Ke6 1/2-1/2

[Event "15th Chennai GM Open 2025"]
[Site "Chennai"]
[Date "2025.01.05"]
[Round "6.3"]
[White "Kaustuv, Kundu"]
[Black "Das, Sayantan"]
[Result "1/2-1/2"]
[ECO "A17"]
[WhiteElo "2409"]
[BlackElo "2434"]
[Annotator "TA"]
[PlyCount "108"]
[EventDate "2025.01.02"]
[EventType "swiss"]
[EventCountry "IND"]
[SourceTitle "playchess.com"]
[Source "ChessBase"]
[SourceQuality "1"]
[TimeControl "5400+30"]

1. Nf3 Nf6 2. c4 e6 3. Nc3 d5 4. e3 Bd6 5. b3 O-O 6. Bb2 a6 7. g4 Nxg4 8. Rg1 {[%emt 0:08:19] Black has an edge.} f5 9. h3 Nf6 10. cxd5 e5 11. Qc2 ({White should play} 11. Ng5 $11) 11... c6 $15 12. Rc1 cxd5 (12... Qe7 $17 13. dxc6 Nxc6) 13. Nxd5 $11 Nc6 $1 (13... Nxd5 $6 14. Bc4 Kh8 (14... Be6 15. Ng5 $16) 15. Bxd5 $16) 14. Bc4 (14. Nxf6+ {looks sharper.} Qxf6 15. d4 f4 16. dxe5 Nxe5 17. Bxe5 Bxe5 18. Nxe5 Qxe5 19. Qc3) 14... Kh8 15. a3 Bd7 16. Qb1 {[%emt 0:07:16] [#]} (16. Qd3 $15) 16... Rc8 (16... e4 $1 $17 17. Nh4 Be5) 17. Qa1 b5 18. Nxf6 gxf6 (18... Qxf6 19. Bd5 f4 20. Be4 $14) 19. Be2 Na5 20. Rxc8 Bxc8 21. b4 Nc4 22. Bc3 Nb6 23. Qb1 Be6 24. h4 (24. Bd3 $11 {keeps the balance.}) 24... Qc7 25. Bd1 Qf7 26. h5 Rg8 (26... Qxh5 $6 27. Nxe5 Qh6 28. Nf3 $14) 27. Rxg8+ Qxg8 28. d3 (28. Nh2 $15) 28... Qg2 29. Qc1 (29. Qc2 $17) 29... Qh1+ $19 30. Kd2 {[%emt 0:00:28][%cal Oc3e5] [#] Black must now prevent Bxe5!} Qf1 {[%emt 0:00:52][%cal Ob6d5] aiming for ...Nd5!} (30... Qxh5 31. Nd4 Qf7 32. Nxe6 Qxe6 33. Qc2 $17) 31. Be2 Qxc1+ (31... Qxf2 $19 {...Nd5 would now be deadly.} 32. Qe1 Qxe1+ 33. Nxe1 Kg8) 32. Kxc1 $15 Kg7 33. Nh4 Nd5 34. Bd2 Ne7 35. d4 e4 36. a4 Bd7 37. f3 (37. axb5 $17 Bxb5 38. Bd1) 37... Kh6 ({Black should try} 37... bxa4 $19 {Threatens to win with ...Bg3.} 38. fxe4 fxe4 39. Bxa6 Kh6) 38. f4 (38. axb5 $17 Bxb5 (38... Kxh5 39. Nxf5 Bxf5 40. bxa6 $16) 39. Bd1) 38... Be8 (38... bxa4 $19 {And now ...Nd5 would win.} 39. Bxa6 Kxh5) 39. axb5 $17 axb5 (39... Bxh5 $2 {loses.} 40. bxa6 Bb8 (40... Bxe2 $2 {is the wrong capture.} 41. a7 $18) 41. Bc4 $18) 40. Kb2 Bd7 41. Kc2 Kg7 42. Kb2 Kf7 43. Kc2 Nd5 44. Kb3 Bf8 45. Bf1 Bd6 46. Bh3 Ne7 47. h6 (47. d5 $11) 47... Ke6 $15 48. Bc3 Bc6 49. Kc2 Bd5 50. Kd2 Bc6 51. Kc2 Bd5 52. Kd2 Bb7 {[%emt 0:00:12] Black is slightly better.} 53. Kc2 Bc6 54. Kd2 Bd5 {[%emt 0:00:52] Weighted Error Value: White=0.19 (very precise) /Black=0.19 (very precise) .  Mistake:       	White=8     	Black=5      Inaccurate:     	White=6     	Black=6      OK:         	White=20    	Black=17     Best:        	White=2     	Black=2      Strong:       	---       	Black=1} 1/2-1/2

[Event "15th Chennai GM Open 2025"]
[Site "Chennai"]
[Date "2025.01.05"]
[Round "6.4"]
[White "Aronyak Ghosh"]
[Black "Sarveshwaran V"]
[Result "1-0"]
[ECO "C00"]
[WhiteElo "2544"]
[BlackElo "2150"]
[Annotator "TA"]
[PlyCount "139"]
[EventDate "2025.01.02"]
[EventType "swiss"]
[EventCountry "IND"]
[SourceTitle "playchess.com"]
[Source "ChessBase"]
[SourceQuality "1"]
[TimeControl "5400+30"]

1. Nf3 d5 2. g3 Nf6 3. Bg2 e6 4. O-O Be7 5. d3 O-O 6. Nbd2 c5 7. e4 Nc6 8. Re1 dxe4 9. dxe4 e5 10. c3 Be6 11. Qe2 Qc7 12. Nf1 Rfe8 13. Bg5 Rad8 14. Bxf6 Bxf6 15. Ne3 Ne7 16. h4 h6 17. Nd2 g6 18. a4 h5 19. Rad1 Bg7 20. Ndc4 Qc6 21. Qc2 b6 22. Nd5 {[%emt 0:07:01] Excellent horsemanship.} Nc8 (22... Bxd5 $2 23. exd5 Qd7 (23... Nxd5 $2 24. Qd2 $18) 24. d6 $18 (24. Nxe5 Bxe5 25. Rxe5 Nf5 $18)) 23. Rd3 Kh7 24. Red1 a6 25. Qb3 {[%emt 0:03:35] White is more active.} Qb7 26. Bf3 (26. Ncxb6 $2 c4 27. Qxc4 Nxb6 $19) 26... Rf8 27. Qa3 (27. Ncxb6 $2 c4 28. Qxc4 Nxb6 $19) 27... Rd7 28. b4 cxb4 29. Qxb4 {[%emt 0:01:12][%cal Od5f6] next Nf6+! is good for White.} Rfd8 30. Rb1 (30. Ncxb6 $2 Nxb6 31. c4 Nxd5 32. Qxb7 Rxb7 $19) 30... Bxd5 31. Rxd5 (31. exd5 f5 32. Rdd1 (32. Nxb6 $2 Qxb6 33. Qxb6 Nxb6 $19) 32... e4) 31... Rxd5 32. exd5 f5 33. Ne3 (33. Nxb6 $11 e4 34. Be2) 33... e4 34. Be2 Qc7 35. Bxa6 f4 36. Qc4 Qe7 (36... Qa7 $11 37. Nf5 (37. gxf4 Nd6 $11) (37. Bxc8 fxe3 38. Be6 exf2+ 39. Kg2 e3 $15) 37... Nd6 38. Nxd6 Rxd6) 37. Bxc8 (37. gxf4 $16 Nd6 38. Qc6) 37... fxe3 $15 38. Be6 {[%emt 0:02:16] White is weak on the dark squares} (38. Rxb6 exf2+ 39. Kxf2 (39. Kf1 $2 Qe5 $19) 39... e3+ (39... Qf8+ $2 40. Kg1 $19) 40. Ke2 Qf7 $19) ({Only move:} 38. fxe3 $15 Rf8 39. Rf1 (39. Rxb6 $2 Qe5 $19)) 38... exf2+ $19 39. Kg2 e3 40. Qe4 (40. Rxb6 $2 Rf8 41. Qf1 e2 (41... Bxc3 $2 42. Rb1 $19) 42. Qxe2 f1=Q+ (42... f1=B+ $2 43. Qxf1 Rxf1 44. Kxf1 $19) 43. Qxf1 Rxf1 44. Kxf1 Qf6+ (44... Bxc3 $2 45. Rc6 $19) 45. Kg2 Qxc3 $19) 40... Qc5 {[%emt 0:00:46][%cal Od8f8] ...Rf8! would now be deadly.} (40... Bxc3 $2 41. Bg8+ (41. Rxb6 $2 Rf8 $19) (41. Qxe3 Qc7 $14) 41... Kxg8 42. Qxe7 $18) 41. g4 e2 $2 (41... Bxc3 42. gxh5 Kh8 43. Qf4 $16) (41... Qxc3 $19 42. gxh5 Kh8 43. hxg6 Qd2) 42. Qxe2 $14 Rf8 43. gxh5 Rf6 (43... Rf4 $1 $14) 44. Rf1 ({White should try} 44. Qg4 $1 {hxg6+ is the strong threat.} Bh6 45. Rf1) 44... Qxc3 $16 45. Rxf2 (45. hxg6+ Rxg6+ 46. Kh1 (46. Kxf2 $2 Qg3#) (46. Bg4 $2 Be5 $19) 46... Bd4 47. Rxf2 (47. Bf5 Kg7 $17) 47... Bxf2 48. Qxf2 Rf6 $15) 45... Rxf2+ (45... Kh6 $16) 46. Qxf2 {[%emt 0:00:03][%mdl 4096] Endgame KQB-KQB. White is two pawns up.} (46. Kxf2 $6 Qd4+ 47. Kf3 Qxh4 $14) 46... Qd3 47. hxg6+ (47. Qxb6 Qe4+ (47... gxh5 48. Qf2 $16) 48. Kf1 Qd3+ (48... gxh5 49. Qf2 $16) 49. Kg2 Qe4+ 50. Kf1 Qc4+ 51. Kg2 Qe4+ $11 (51... Qxa4 52. hxg6+ Kxg6 53. Bd7+ Bf6 54. Bxa4 Kf7 55. Qe6+ Kg6 56. Be8+ Kg7 57. h5 Kh8 58. Qxf6+ Kg8 59. h6 Kh7 60. Qg7#)) 47... Qxg6+ 48. Kh3 Qd3+ 49. Qg3 Qf1+ $2 (49... Qe4 $16 {is a better defense.}) 50. Kg4 $18 Qd1+ $2 (50... Kg6 51. h5+ Kh7) 51. Qf3 $1 Qxa4+ 52. Kh3 Qe8 53. Qf5+ (53. Qe4+ $142 Kh8 54. d6 Qf8 55. d7 Bf6 56. Qg6 Bd8 57. Bf5 Qa3+ 58. Bd3) 53... Kh8 54. d6 Qf8 55. Qh5+ Bh6 56. Qe5+ (56. Kg2 $142 {White wants to mate with d7.} Qf4 57. Qd5) 56... Bg7 57. Qe2 $1 {[%emt 0:00:16] Prevents Qf1+.} Qf6 58. d7 $1 Qc3+ 59. Kg2 (59. Kg4 $18 Qd4+ 60. Kh5) 59... Qc6+ {[%emt 0:00:18] [#]} (59... Bf6 $16 60. Bd5 Kg7 61. Qg4+ Kh6) 60. Kg3 $1 Qc3+ 61. Kg4 Qd4+ {[%emt 0:00:09] [#]} 62. Kh5 $1 b5 $2 (62... Qf6 $18 63. Qe3 Bf8) 63. Bf5 Bf8 64. Qe8 ({Less strong is} 64. Qxb5 Be7 65. Qb8+ Kg7 66. Qg3+ Kf8 $16) 64... Qf6 65. d8=Q ({Weaker is} 65. d8=B Qxf5+ 66. Bg5 b4 $15) 65... Qxf5+ 66. Qg5 Qf3+ 67. Kg6 Qd3+ 68. Kf7 Qh7+ 69. Kxf8 Qg7+ 70. Qxg7# 1-0

[Event "15th Chennai GM Open 2025"]
[Site "Chennai"]
[Date "2025.01.05"]
[Round "6.5"]
[White "Deepan Chakkravarthy J."]
[Black "Jaiswal, Rupesh"]
[Result "1-0"]
[ECO "B91"]
[WhiteElo "2413"]
[BlackElo "2093"]
[Annotator "TA"]
[PlyCount "77"]
[EventDate "2025.01.02"]
[EventType "swiss"]
[EventCountry "IND"]
[SourceTitle "playchess.com"]
[Source "ChessBase"]
[SourceQuality "1"]
[TimeControl "5400+30"]

1. e4 c5 2. Nf3 d6 3. d4 cxd4 4. Nxd4 Nf6 5. Nc3 a6 6. g3 e5 7. Nde2 Be7 8. Bg2 O-O 9. a4 Be6 10. h3 Nc6 11. Nd5 {[%emt 0:04:31] Prevents Nb4} a5 12. c4 Bxd5 13. cxd5 (13. exd5 Nb4 $11) 13... Nb4 14. O-O Nd7 15. h4 $1 {[%emt 0:04:55] Against Bg5} Nc5 16. Be3 b6 17. Nc3 g6 18. Bh6 Re8 19. Ra3 Bf8 20. Be3 Bg7 21. h5 Rf8 22. Nb5 Rb8 23. Kh2 f5 24. Rh1 ({White should try} 24. exf5 $16 gxf5 25. h6) 24... f4 (24... Nxe4 $14 25. Bxe4 fxe4) 25. Bxc5 $16 bxc5 26. hxg6 fxg3+ (26... hxg6 $16 27. Kg1 c4) 27. fxg3 (27. Rxg3 $18 hxg6 28. Qe2 (28. Rxg6 Qh4+ 29. Bh3 Qf4+ 30. Rg3 Qxf2+ 31. Rg2 Qf4+ 32. Kg1 Qe3+ 33. Kh2 Qf4+ 34. Kg1 Qe3+ 35. Kh2 Qf4+ $11)) 27... Rf6 (27... c4 $16) 28. Bh3 {[%emt 0:04:46] Be6+ is the strong threat.} Rxg6 29. Be6+ Kh8 30. Kg2 Qe7 {[%emt 0:04:17] Black is weak on the light squares} (30... c4 {might work better.}) 31. Rf3 Rf8 32. Rxf8+ Bxf8 33. Rf1 Rf6 $2 (33... Bg7 34. b3 Bf6) 34. Nxd6 $18 Rxe6 ({Don't play} 34... Rxf1 35. Qxf1 Nc2 (35... Qxd6 $2 {perishes.} 36. Qf7 $18) 36. Nf7+ Kg8 37. Nh6+ (37. Nxe5+ Qxe6 38. dxe6 Ne3+ 39. Kf2 Nxf1 $18) 37... Kh8 38. d6 Ne3+ 39. Kg1 Nxf1 40. dxe7 Bxe7 41. Kxf1) (34... Nc2 $18 35. Nc4 (35. Qxc2 Rxf1 36. Kxf1 Qxd6 $18) (35. Nf7+ Rxf7 36. Qxc2 Rxf1 $16) (35. Nf5 Rxf5 36. Qxc2 Rxf1 $16) 35... Nd4 36. Rxf6 (36. Nxa5 Rxf1 37. Qxf1 Kg7 $18) (36. Nxe5 Nxe6 37. dxe6 Rxe6 $18) 36... Qxf6) 35. Nf7+ Kg8 36. dxe6 Qxe6 37. Ng5 Qe7 38. Qb3+ Kh8 39. Rf7 1-0

[Event "15th Chennai GM Open 2025"]
[Site "Chennai"]
[Date "2025.01.05"]
[Round "6.6"]
[White "Sathvik Adiga"]
[Black "Madhesh Kumar S"]
[Result "1/2-1/2"]
[ECO "C55"]
[WhiteElo "2395"]
[BlackElo "2006"]
[Annotator "TA"]
[PlyCount "134"]
[EventDate "2025.01.02"]
[EventType "swiss"]
[EventCountry "IND"]
[SourceTitle "playchess.com"]
[Source "ChessBase"]
[SourceQuality "1"]
[TimeControl "5400+30"]

1. e4 e5 2. Nf3 Nc6 3. Bc4 Nf6 4. d3 h6 5. O-O d6 6. c3 g5 7. Nbd2 Bg7 8. Bb3 Ne7 9. Re1 Ng6 10. Nf1 O-O 11. h3 d5 12. exd5 Nxd5 13. d4 exd4 14. cxd4 Ndf4 15. Ng3 Be6 16. Ne2 Nxe2+ 17. Rxe2 Bd5 18. Qd3 c6 19. Ne5 Nxe5 20. dxe5 Bxb3 21. Qxb3 Qb6 22. Qc2 Rfe8 23. h4 Rxe5 24. Rxe5 Bxe5 25. hxg5 hxg5 26. Bxg5 Qxb2 27. Qxb2 Bxb2 28. Rb1 Bd4 29. Rxb7 Re8 30. Kf1 Kg7 31. Rc7 Re5 32. Bd2 Rb5 33. Ke2 Rb2 34. Kd3 Rxa2 35. Rxc6 Bxf2 36. Bc3+ Kh7 37. g4 Bh4 38. Rc8 f6 39. Ke4 Kg6 40. Rg8+ Kf7 41. Rc8 Rg2 42. Rc7+ Kg6 43. Rxa7 Rxg4+ 44. Kd3 Rg3+ 45. Kc2 Bg5 46. Be1 Re3 47. Kd1 Kh5 48. Rc7 Kg4 49. Rc2 Kf3 (49... Re4 $17) 50. Rf2+ $1 $11 Ke4 51. Re2 Kf3 52. Rxe3+ (52. Rf2+ $11 {was the only way to keep the balance.} Kg4 53. Rh2) 52... Bxe3 $17 53. Bc3 f5 54. Ke1 $2 (54. Bf6 $17) 54... Kg2 $1 55. Be5 Bf2+ $1 56. Ke2 $2 (56. Kd1 $17) 56... Bg3 57. Bd4 {[%emt 0:00:04] [#]} f4 $1 58. Kd3 f3 59. Ke4 Bf2 60. Bc3 {[%emt 0:00:07] [#]} Be3 $2 (60... Bb6 $1 {mates} 61. Kd5 (61. Be1 Bc7) 61... f2 62. Kc6 Be3 (62... f1=R 63. Kxb6 Rb1+ 64. Kc5 $11) 63. Be5 f1=Q (63... f1=B 64. Kd5 $17) 64. Kd5 Qb5+ 65. Kd6 Bc5+ (65... Bf4 {gets mated.} 66. Bxf4 Qb8+ 67. Ke6 Qxf4 68. Kd5 Kf3 69. Kc6 Qc4+ 70. Kd6 Kf4 71. Ke7 Qc6 72. Kf7 Kf5 73. Kg8 Kf6 74. Kh8 Kg6 75. Kg8 Qe8#) 66. Kd5 Bf2+ 67. Ke6 Qc6+ (67... Qb1 $2 68. Kd5 $19) 68. Kf5 Kf3 69. Bg7 Bh4 70. Ke5 Be7 (70... Qc5+ 71. Ke6 Ke4 72. Bf6 Qc6+ 73. Ke7 Bxf6+ 74. Kf7 Kf5 75. Kf8 Kg6 76. Kg8 Qe8#) 71. Kd4 Bd6 (71... Bf6+ 72. Bxf6 Qxf6+ 73. Kd5 Qd8+ 74. Kc6 Ke3 75. Kc5 Kd3 76. Kb5 Qd6 77. Ka4 Qb6 78. Ka3 Kc3 79. Ka4 Qb4#) (71... Bb4 72. Ke5 Bc3+ 73. Kf5 Qe4+ 74. Kg5 Bxg7 75. Kh5 Qg4#) 72. Kd3 Bb4 73. Bd4 Be1 74. Bh8 Qe4#) 61. Be1 $17 Bd2 62. Bh4 Bc1 63. Kf5 Be3 ({Black should play} 63... Kf1 $17) 64. Kg4 $15 Bf2 65. Bf6 Be1 66. Bd4 Bg3 $1 67. Bc5 Bf2 1/2-1/2

[Event "15th Chennai GM Open 2025"]
[Site "Chennai"]
[Date "2025.01.05"]
[Round "6.7"]
[White "Vijay, Shreeram P"]
[Black "Sanket Chakravarty"]
[Result "1-0"]
[ECO "B24"]
[WhiteElo "2025"]
[BlackElo "2374"]
[Annotator "TA"]
[PlyCount "77"]
[EventDate "2025.01.02"]
[EventType "swiss"]
[EventCountry "IND"]
[SourceTitle "playchess.com"]
[Source "ChessBase"]
[SourceQuality "1"]
[TimeControl "5400+30"]

1. e4 c5 2. Nc3 e6 3. Nge2 Nc6 4. g3 d5 5. exd5 exd5 6. d4 cxd4 7. Nxd4 Nf6 8. Bg2 Bg4 9. Nde2 Bc5 10. h3 Bf5 (10... Be6 $11) 11. Bg5 ({White should play} 11. O-O $14) 11... h6 (11... d4 $11 12. Nd5 Qa5+ 13. Bd2 Qd8) 12. Bxf6 $16 Qxf6 13. O-O (13. Bxd5 $2 Bxf2+ 14. Kf1 Bxg3 $19) (13. Nxd5 $14 Qe5 14. g4) 13... O-O (13... O-O-O $11) 14. Qd2 (14. Qxd5 $14 Bb6 15. Qb3) 14... Rad8 $11 15. a3 Qg6 16. b4 Bb6 17. Nxd5 Rfe8 (17... Bxc2 $6 18. Nef4 Qh7 19. Rfe1 $16) (17... Be4 $1 $11 18. Bxe4 Qxe4) 18. c4 $16 Ne5 (18... Rxe2 $16 19. Qxe2 Bd3) 19. c5 $18 Bc7 20. Nef4 {[%emt 0:05:06] A dynamic duo of knights.} Qg5 21. Qc3 Bb8 22. h4 Qg4 23. Ne3 Nf3+ 24. Kh1 Rxe3 25. Qxe3 Nxh4 26. Qe7 Nxg2 $2 (26... Rd2) 27. Qxd8+ Kh7 28. Kxg2 (28. Nxg2 $2 {loses.} Qh3+ 29. Kg1 Be4 $19) 28... Be4+ (28... Bxf4 $142 29. Qh4 Be4+ 30. f3 Qxh4 31. gxh4 Bc6) 29. f3 Bxf4 30. Qh4 $1 (30. fxe4 $2 {leads to mate.} Qxg3+ 31. Kh1 Qh2#) 30... Qxh4 31. gxh4 Bc6 32. a4 a6 33. Rfb1 g5 34. hxg5 hxg5 35. b5 axb5 36. axb5 Bd5 37. Ra4 Be3 {[%emt 0:00:25] [#]} 38. c6 $1 bxc6 39. b6 1-0